 Dungeon Sprint DCSS version 0.28-a0-863-g8cecda6153 (webtiles) character file.

Game seed: 10810237721947729963

605 Htamos the Fighter (level 7, -2/81 HPs)
             Began as a Gargoyle Berserker on Nov 18, 2021.
             Was a Believer of Trog.
             Slain by Sonja (4 damage)
             ... in the Dungeon (Sprint I: "Red Sonja").
             The game lasted 00:01:47 (704 turns).

Htamos the Fighter (Gargoyle Berserker)              Turns: 704, Time: 00:01:47

Health: -2/81      AC: 15    Str: 23    XL:     7   Next: 42%
Magic:  7/7        EV: 10    Int:  7    God:    Trog [**....]
Gold:   297        SH:  0    Dex:  9    Spells: 6/6 levels left

rFire   . . .      SeeInvis .   a - +0 mace
rCold   . . .      Faith    .   (no shield)
rNeg    + . .      Spirit   .   d - +0 chain mail
rPois   ∞          Reflect  .   (no helmet)
rElec   +          Harm     .   (no cloak)
rCorr   .          Rampage  .   (no gloves)
Will    .....      NoTele   +   (no boots)
Stlth   ..........              (no amulet)
HPRegen 0.23/turn               (no ring)
MPRegen 0.10/turn               (no ring)

@: berserking (expiring), very quick
A: sickness immunity, AC +4, negative energy resistance 1, electricity
resistance, torment resistance 1, petrification resistance
a: Renounce Religion, Berserk, Trog's Hand


You were in the Dungeon.
You worshipped Trog.
Trog was pleased with you.
You visited 1 branch You collected 297 gold pieces.

Inventory:

Hand Weapons
 a - a +0 mace (weapon)
Armour
 b - a +0 animal skin
 d - a +0 chain mail (worn)
Wands
 i - a wand of flame (7)
Scrolls
 h - a scroll of blinking
 j - a scroll of identify {unknown}
Potions
 c - a potion of curing {@qc}
 e - a potion of haste
 f - 2 potions of magic
 g - a potion of berserk rage


   Skills:
 * Level 11.0 Fighting
 + Level 7.7 Maces & Flails
 + Level 8.1 Armour
 + Level 6.1 Dodging


You had 6 spell levels left.
You didn't know any spells.
Your spell library was empty.

Dungeon Overview and Level Annotations

Branches:
Dungeon (1/1)

Altars:
Cheibriados
Dithmenos
Elyvilon
Fedhas
Gozag
Hepliaklqana
Kikubaaqudgha
Makhleb
Nemelex Xobeh
Okawaru
Qazlal
Ru
Sif Muna
Trog
Uskayaw
Vehumet
Wu Jian
Xom
Yredelemnul
Zin
The Shining One
Jiyva
Lugonu

Shops:
D :

Annotations:
D Sonja


Innate Abilities, Weirdness & Mutations

You are immune to sickness and miasma.
Your stone body is resilient. (AC +4)
You are immune to poison.
You resist negative energy. (rN+)
You are resistant to electric shocks. (rElec)
You are resistant to unholy torment.
You are immune to petrification.


Message History

There is an entrance to Caegeij's Book Emporium here.
You start resting.
HP restored.
You start waiting.
You feel yourself speed up.
You start waiting.
You recover from your berserk rage.
There is an open door here.
There is a radiant altar of Vehumet here.
You open the door.
Sonja, the Graceful Assassin comes into view.
She is wielding a +2 dagger of distortion and quivering curare-tipped darts.
Sonja shouts!
Sonja shouts, "Too slow!"
Found 54 gold pieces.
Okay, then.
Okay, then.
Okay, then.
A red film seems to cover your vision as you go berserk!
You feel yourself moving faster!
You feel mighty!
Sonja drinks a potion.
Sonja flickers and vanishes!
Deactivating autopickup; reactivate with Ctrl-A.
Found 54 gold pieces.
You feel a strong urge to attack something.
Something hits you but does no damage. Space warps around you.
Something hits you but does no damage. Space warps around you.
Something hits you but does no damage. Space warps horribly around you!
There is an open door here.
You closely miss something. Something hits you but does no damage.
Space warps horribly around you!
* * * LOW HITPOINT WARNING * * *
Something hits you.
* * * LOW HITPOINT WARNING * * *
Space warps horribly around you!
* * * LOW HITPOINT WARNING * * *
Something hits you but does no damage. Space warps horribly around you!!
* * * LOW HITPOINT WARNING * * *
Something is blocking the doorway!
You feel a strong urge to attack something.
Something hits you but does no damage. x2; Space warps around you.
You die...

###################
#<.#.))..#..'..#__#
#..'..#..').#..'..+
#..#####'#####'#__#
#..####..#...#.# ##
#..#__####..##.#
#..#_____##'#_.+
#⌠⌠#_.∩...'..._#
####_..__##_@#+#
#_____###'# #######
#.# $.$ #$.$# ##.##
#+#


There were no monsters in sight!

Vanquished Creatures
  A slime creature (D)
  Sigmund (D)
  A yak (D)
  An ogre (D)
  A jelly (D)
  Ijyb (D)
6 creatures vanquished.

Notes
Turn   | Place    | Note
-------+----------+-------------------------------------------
     0 | D        | Htamos the Gargoyle Berserker began the quest for the Orb.
     0 | D        | Reached XP level 1. HP: 14/14 MP: 1/1
     2 | D        | Noticed Ijyb
    15 | D        | Killed Ijyb
    16 | D        | Reached skill level 4 in Fighting
    16 | D        | Reached XP level 2. HP: 4/20 MP: 2/2
    16 | D        | Reached XP level 3. HP: 5/24 MP: 3/3
   364 | D        | Noticed an ogre
   369 | D        | Killed an ogre
   370 | D        | Reached skill level 6 in Fighting
   370 | D        | Reached skill level 5 in Maces & Flails
   370 | D        | Reached skill level 5 in Armour
   370 | D        | Reached XP level 4. HP: 32/32 MP: 4/4
   403 | D        | Noticed Sigmund
   424 | D        | Killed Sigmund
   424 | D        | Reached ** piety under Trog
   425 | D        | Reached skill level 8 in Fighting
   425 | D        | Reached XP level 5. HP: 40/40 MP: 5/5
   425 | D        | Reached XP level 6. HP: 45/45 MP: 6/6
   519 | D        | Found a burning altar of Makhleb.
   519 | D        | Found a viscous altar of Jiyva.
   519 | D        | Found a shimmering altar of Xom.
   519 | D        | Found a corrupted altar of Lugonu.
   519 | D        | Noticed a slime creature
   526 | D        | Killed a slime creature
   527 | D        | Reached skill level 10 in Fighting
   527 | D        | Reached skill level 5 in Dodging
   527 | D        | Reached XP level 7. HP: 52/52 MP: 7/7
   583 | D        | Found an ornate altar of the Wu Jian Council.
   583 | D        | Found a shimmering blue altar of Sif Muna.
   585 | D        | Found a radiant altar of Vehumet.
   646 | D        | Found Caegeij's Book Emporium.
   646 | D        | Found an ancient bone altar of Kikubaaqudgha.
   646 | D        | Found a hazy altar of Hepliaklqana.
   646 | D        | Found a hide-covered altar of Uskayaw.
   646 | D        | Found a basalt altar of Yredelemnul.
   646 | D        | Found an opulent altar of Gozag.
   646 | D        | Found a snail-covered altar of Cheibriados.
   646 | D        | Found a sacrificial altar of Ru.
   646 | D        | Found a shadowy altar of Dithmenos.
   646 | D        | Noticed a yak
   653 | D        | Killed a yak
   654 | D        | Reached skill level 11 in Fighting
   654 | D        | Found a stormy altar of Qazlal.
   654 | D        | Found a blossoming altar of Fedhas.
   654 | D        | Found a bloodstained altar of Trog.
   654 | D        | Found an iron altar of Okawaru.
   654 | D        | Found a glowing golden altar of the Shining One.
   654 | D        | Found a glowing silver altar of Zin.
   654 | D        | Found a white marble altar of Elyvilon.
   655 | D        | Found a sparkling altar of Nemelex Xobeh.
   699 | D        | Noticed Sonja
   702 | D        | HP: 2/81 [something (18)]
   704 | D        | Slain by Sonja

Illustrated notes

Levels and vault maps discovered:
D:        dungeon_sprint_1 [red_sonja_temple_1, red_sonja_temple_small_1]

Skill      XL: |  1  2  3  4  5  6  7 |
---------------+----------------------+-----
Fighting       | 4 6 8 10 11 | 11.0
Maces & Flails | 4 5 6 7 |  7.7
Armour         | 3 5 6 7 8 |  8.1
Dodging        | 2 3 4 5 6 |  6.1

Action                   |  1- 3 |  4- 6 |  7- 9 || total
-------------------------+-------+-------+-------++-------
Melee: Mace              |    15 |    23 |     9 ||    47
Invok: Berserk           |     2 |     2 |     3 ||     7
  Use: Potion            |       |     1 |       ||     1
Armor: Animal skin       |     1 |       |     1 ||     2
       Chain mail        |       |       |     8 ||     8
Dodge: Dodged            |     7 |     8 |     2 ||    17

Table legend: (Time is in decaauts)
 A = Elapsed time spent in this place.
 B = Non-inter-level travel time spent in this place.
 C = Inter-level travel time spent in this place.
 D = Time resting spent in this place.
 E = Time spent auto-exploring this place.
 F = Levels seen in this place.
 G = Mean time per level.
                   A        B        C        D        E       F      G
               +--------+--------+--------+--------+--------+-----+--------+
         Total |    759 |    759 |      0 |    628 |      0 |   1 |  759.0 |
       Dungeon |    759 |    759 |      0 |    628 |      0 |   1 |  759.0 |
               +--------+--------+--------+--------+--------+-----+--------+

Top non-repeatable levels by time:
       D: 759 daAuts
